 Dungeon Crawl Stone Soup version 0.25-a0-292-gaa31f046c4 (webtiles) character file.

Game seed: 6296202450933151743, levelgen mode: deterministic

62 MrRokkomies the Cutter (level 4, 0/32 HPs)
             Began as a Gnoll Wanderer on Dec 15, 2019.
             Slain by a gnoll sergeant
             ... wielding a cursed -2 spear
              (4 damage)
             ... on level 2 of the Dungeon.
             The game lasted 00:03:40 (1009 turns).

MrRokkomies the Cutter (Gnoll Wanderer)             Turns: 1009, Time: 00:03:41

Health: 0/32       AC:  6    Str: 14    XL:     4   Next: 8%
Magic:  5/5        EV: 11    Int: 15    God:
Gold:   98         SH:  0    Dex: 15    Spells: 5/5 levels left

rFire    . . .     SeeInvis .   a - +2 short sword
rCold    . . .     Gourm    .   (no shield)
rNeg     . . .     Faith    .   h - +0 scale mail
rPois    .         Spirit   .   (no helmet)
rElec    .         Reflect  .   (no cloak)
rCorr    .         Harm     .   (no gloves)
MR       .....                  (no boots)
Stlth    +.........             (no amulet)
HPRegen  0.10/turn              (no ring)
MPRegen  0.09/turn              (no ring)

@: no status effects
A: distributed training, fangs 1, strong nose
a: no special abilities


You were on level 2 of the Dungeon.
You were not hungry.

You visited 1 branch of the dungeon, and saw 2 of its levels.

You collected 98 gold pieces.

Inventory:

Hand Weapons
 a - a +2 short sword (weapon)
 b - a +0 quarterstaff
Missiles
 g - 127 stones
 k - 6 boomerangs (quivered)
 n - 13 bolts
Armour
 d - a +0 robe
 h - a +0 scale mail (worn)
Scrolls
 e - a scroll of identify
 j - a scroll of fog
 m - a scroll of enchant weapon {unknown}
Potions
 c - a potion of lignification
 i - 2 potions of curing
Comestibles
 f - 3 rations


   Skills:
 + Level 1.0 Fighting
 + Level 6.5 Short Blades
 + Level 1.0 Long Blades
 + Level 1.0 Axes
 + Level 1.0 Maces & Flails
 + Level 1.0 Polearms
 + Level 1.0 Staves
 + Level 1.0 Slings
 + Level 1.0 Bows
 + Level 1.0 Crossbows
 + Level 2.7 Throwing
 + Level 1.0 Armour
 + Level 4.6 Dodging
 + Level 2.5 Stealth
 + Level 1.0 Shields
 + Level 1.0 Unarmed Combat
 + Level 1.0 Spellcasting
 + Level 2.2 Conjurations
 + Level 0.7 Hexes
 + Level 0.7 Charms
 + Level 0.7 Summonings
 + Level 0.7 Necromancy
 + Level 0.7 Translocations
 + Level 3.8 Transmutations
 + Level 0.7 Fire Magic
 + Level 0.7 Ice Magic
 + Level 0.7 Air Magic
 + Level 0.7 Earth Magic
 + Level 0.7 Poison Magic
 + Level 1.1 Invocations
 + Level 1.0 Evocations


You had 5 spell levels left.
You didn't know any spells.
Your spell library was empty.

Dungeon Overview and Level Annotations

Branches:
Dungeon (2/15)

Altars:
Dithmenos
Gozag
Ru
The Shining One


Innate Abilities, Weirdness & Mutations

Your experience applies equally to all skills.
You have very sharp teeth.
Your uncanny sense of smell can sniff out nearby items.


Message History

The boomerang closely misses the gnoll sergeant.
The boomerang hits the gnoll.
The gnoll is heavily wounded.
The gnoll sergeant barely misses you.
Throwing (i - inventory. (/) - cycle)
k - 6 boomerangs (quivered)
Press: ? - help, Shift-Dir - straight line, f/p - gnoll sergeant
Aim: a gnoll sergeant, wielding a -2 spear and wearing a +0 scale mail (almost dead)
You throw a boomerang.
The boomerang hits the gnoll sergeant but does no damage.
The gnoll sergeant is almost dead.
The gnoll sergeant barely misses you.
Throwing (i - inventory. (/) - cycle)
k - 6 boomerangs (quivered)
Press: ? - help, Shift-Dir - straight line, f/p - gnoll sergeant
Aim: a gnoll sergeant, wielding a -2 spear and wearing a +0 scale mail (almost dead)
You throw a boomerang. The boomerang hits the gnoll sergeant.
The gnoll sergeant is almost dead.
The gnoll sergeant hits you from afar with a cursed -2 spear!
* * * LOW HITPOINT WARNING * * *
The gnoll sergeant hits you from afar with a cursed -2 spear.
You die...

#....##>###.....####.##.#..#
#.....).#.......# #.# .#..#
###.###.#.#.....# #.# .# .#
##...#...## #.. ##.###### ##
#......# #### ##...)..# ...
.... .......#..###.# ...
####.....gg.@.# ....
#.####g##### ... ..
#.###...# #.. .. #.......#
##.##.# #####.g.# ####.....#
#.g.# ####...).# #...#
#....†..#.###
#####..†####.##..........
............g..##.#.###.#.


You could see a gnoll sergeant and 2 gnolls.

Vanquished Creatures
  A gnoll (D:2)
  2 adders (D:2)
  An orc (D:2)
  A giant cockroach (D:1)
  4 goblins
  7 hobgoblins
  6 kobolds
  A ball python (D:1)
  5 bats
  2 frilled lizards (D:1)
  4 rats
34 creatures vanquished.

Notes
Turn   | Place    | Note
-------+----------+-------------------------------------------
     0 | D:1      | MrRokkomies the Gnoll Wanderer began the quest for the Orb.
     0 | D:1      | MrRokkomies set off with the following items: a +2 short
                  | sword, a +0 quarterstaff, a potion of lignification, a +0
                  | robe, a ration
     0 | D:1      | Reached XP level 1. HP: 13/13 MP: 1/1
   214 | D:1      | Reached XP level 2. HP: 19/19 MP: 2/2
   776 | D:2      | Reached XP level 3. HP: 25/25 MP: 3/3
   832 | D:2      | Found an opulent altar of Gozag.
   834 | D:2      | Found a shadowy altar of Dithmenos.
   842 | D:2      | Reached skill level 1 in Invocations
   844 | D:2      | Found a glowing golden altar of the Shining One.
   844 | D:2      | Found a sacrificial altar of Ru.
   951 | D:2      | Noticed a gnoll sergeant
   996 | D:2      | Reached skill level 1 in Fighting
   996 | D:2      | Reached skill level 1 in Long Blades
   996 | D:2      | Reached skill level 1 in Axes
   996 | D:2      | Reached skill level 1 in Maces & Flails
   996 | D:2      | Reached skill level 1 in Polearms
   996 | D:2      | Reached skill level 1 in Staves
   996 | D:2      | Reached skill level 1 in Slings
   996 | D:2      | Reached skill level 1 in Bows
   996 | D:2      | Reached skill level 1 in Crossbows
   996 | D:2      | Reached skill level 1 in Armour
   996 | D:2      | Reached skill level 1 in Shields
   996 | D:2      | Reached skill level 1 in Unarmed Combat
   996 | D:2      | Reached skill level 1 in Spellcasting
   996 | D:2      | Reached skill level 1 in Evocations
   996 | D:2      | Reached XP level 4. HP: 12/32 MP: 5/5
  1009 | D:2      | Slain by a gnoll sergeant

Levels and vault maps discovered:
D:1:      psy_arrival_fountain, layout_basic
D:2:      layout_loops_cross, marbit_many_paths, grunt_temple_overflow_open

Skill      XL: |  1  2  3 |
---------------+----------+-----
Conjurations   | 2 |  2.2
Invocations    | 1 |  1.1
Fighting       | 1 |  1.0
Long Blades    | 1 |  1.0
Axes           | 1 |  1.0
Maces & Flails | 1 |  1.0
Polearms       | 1 |  1.0
Staves         | 1 |  1.0
Slings         | 1 |  1.0
Bows           | 1 |  1.0
Crossbows      | 1 |  1.0
Armour         | 1 |  1.0
Shields        | 1 |  1.0
Unarmed Combat | 1 |  1.0
Spellcasting   | 1 |  1.0
Evocations     | 1 |  1.0
Short Blades   | |  6.5
Throwing       | |  2.7
Dodging        | |  4.6
Stealth        | |  2.5
Hexes          | |  0.7
Charms         | |  0.7
Summonings     | |  0.7
Necromancy     | |  0.7
Translocations | |  0.7
Transmutations | |  3.8
Fire Magic     | |  0.7
Ice Magic      | |  0.7
Air Magic      | |  0.7
Earth Magic    | |  0.7
Poison Magic   | |  0.7

Action                   |  1- 3 |  4- 6 || total
-------------------------+-------+-------++-------
Melee: Short sword       |    62 |       ||    62
       Bite              |     8 |       ||     8
Throw: Stone             |     5 |       ||     5
       Boomerang         |    46 |    12 ||    58
  Use: Scroll            |     5 |       ||     5
       Potion            |       |     1 ||     1
 Stab: Sleeping          |     1 |       ||     1
Armor: Scale mail        |    22 |     4 ||    26
       Robe              |     1 |       ||     1
Dodge: Dodged            |    49 |     6 ||    55

Table legend:
 A = Non-vault XP
 B = Vault XP
 C = Vault XP percentage of total XP
 D = Non-vault monster count
 E = Vault monster count
 F = Vault count percentage of total count
                 A         B        C        D         E       F
            +---------+---------+-------+---------+---------+-------
      Total |      89 |       0 |   0.0 |      34 |       0 |   0.0
            +---------+---------+-------+---------+---------+-------
        D:1 |      33 |       0 |   0.0 |      22 |       0 |   0.0
        D:2 |      56 |       0 |   0.0 |      12 |       0 |   0.0
            +---------+---------+-------+---------+---------+-------
